 Dungeon Crawl Stone Soup version 0.31-a0-986-g5e6e4ef867 (webtiles) character file.

Game seed: 17144928568375215417

98 Demosthentine the Poker (level 4, 0/14 (34) HPs)
             Began as a Demonspawn Gladiator on Nov 4, 2023.
             Slain by an orc wizard
             ... wielding a +1 dagger of draining
              (2 damage)
             ... on level 4 of the Dungeon.
             The game lasted 00:01:15 (1147 turns).

Demosthentine the Poker (Demonspawn Gladiator)      Turns: 1147, Time: 00:01:16

HP:   0/14 (34)     AC:  7    Str: 15    XL:     4   Next: 44%
MP:   4/4           EV: 13    Int:  9    God:
Gold: 42            SH:  0    Dex: 20    Spells: 3/3 levels left

rFire   + . .        a - +0 trident
rCold   . . .        (no shield)
rNeg    . . .        g - +3 leather armour {rF+}
rPois   .            c - +0 helmet
rElec   .            (no cloak)
rCorr   .            (no gloves)
SInv    .            (no boots)
Will    .....        (no amulet)
Stlth   ++           (no ring)
HPRegen 0.22/turn    (no ring)
MPRegen 0.09/turn

%: no passive effects
@: extremely drained
A: foul stench 1, weakness stinger 1, thin skeletal structure 1, agile 1
a: no special abilities


You were on level 4 of the Dungeon.
You visited 1 branch of the dungeon, and saw 3 of its levels.

You collected 42 gold pieces.

Inventory:

Hand Weapons
 a - a +0 trident (weapon)
Missiles
 d - 3 throwing nets (quivered)
 e - a javelin
Armour
 c - a +0 helmet (worn)
 g - a +3 leather armour of fire resistance (worn)
Wands
 f - a wand of roots (9)


   Skills:
 + Level 2.9 Fighting
 + Level 3.3 Polearms
 - Level 1.7 Throwing
 + Level 1.6 Armour
 + Level 3.3 Dodging


You had 3 spell levels left.
You didn't know any spells.
Your spell library contained the following spells:

 Spells                   Type           Power      Damage    Failure   Level
 Apportation              Tloc           0%         N/A       45%         1
 Magic Dart               Conj           0%         1d3       45%         1
 Necrotise                Necr           0%         1d4       45%         1
 Summon Small Mammal      Summ           0%         N/A       45%         1
 Poisonous Vapours        Pois/Air       0%         N/A       58%         2
 Searing Ray              Conj           0%         2d4       58%         2
 Mephitic Cloud           Conj/Pois/Air  0%         N/A       83%         3
 Fulminant Prism          Conj/Hex       0%         3d5       99%         4
 Freezing Cloud           Conj/Ice/Air   0%         6-21      100%        5


Dungeon Overview and Level Annotations

Branches:
Dungeon (2/15)

Altars:


Innate Abilities, Weirdness & Mutations

You may rarely emit foul miasma when damaged in melee.
You have a small tail.
You have a somewhat thin skeletal structure. (Dex +2, Stealth+)
You are agile. (Dex +4, Str/Int -1)


Message History

Something hits you but does no damage.
You feel drained.
You miss something. Something hits you.
You feel drained.
You miss something.
Your tail-slap misses something.
Something hits you.
You feel drained.
You puncture something!
You hear some strange, mumbled words.
You are confused.
You're too confused to move!
You hear some strange, mumbled words.
A magic dart appears from out of thin air!
The magic dart hits you.
You bump into the rock wall.
Something hits you.
You feel drained.
You bump into the rock wall.
Something hits you but does no damage.
You feel drained.
You're too confused to move!
Something hits you.
You feel drained.
You barely miss something.
You hear some strange, mumbled words.
You are more confused.
You completely miss something. Something hits you.
* * * LOW HITPOINT WARNING * * *
You feel drained.
* * * LOW HITPOINT WARNING * * *
Something completely misses you.
You barely miss something. Something hits you but does no damage.
You feel drained.
You hear some strange, mumbled words.
A puff of flame appears from out of thin air!
The puff of flame misses you.
It was a potion of mutation.
You feel extremely strange.
You feel agile.
Your bones become slightly less dense.
A magic dart appears from out of thin air!
The magic dart hits you.
* * * LOW HITPOINT WARNING * * *
Unknown command.
Something hits you but does no damage.
You feel drained.
You're too confused to move!
You feel less confused. Something hits you but does no damage.
You feel drained.
You miss something. Something hits you.
You die...

#..#########
##..........#
.#......####.#
........#
##......#
##...#.#
##.##.# #.
#.#######...
#.
#..@{K......
############


You could see a kobold.

Vanquished Creatures
  Jessica (D:2)
  An orc wizard (D:4)
  2 adders (D:2)
  3 dart slugs
  An orc (D:4)
  3 endoplasms (D:1)
  A giant cockroach (D:1)
  2 goblins (D:2)
  2 hobgoblins (D:1)
  2 kobolds
  A quokka (D:1)
  A ball python (D:2)
  2 bats
  A rat (D:1)
23 creatures vanquished.

Notes
Turn   | Place    | Note
-------+----------+-------------------------------------------
     0 | D:1      | Demosthentine the Demonspawn Gladiator began the quest for
                  | the Orb.
     0 | D:1      | Reached XP level 1. HP: 16/16 MP: 1/1
   293 | D:1      | Gained mutation: You may rarely emit foul miasma when
                  | damaged in melee. [demonic ancestry]
   293 | D:1      | Reached XP level 2. HP: 16/22 MP: 2/2
   928 | D:2      | Noticed Jessica
   941 | D:2      | Killed Jessica
   942 | D:2      | Reached skill level 1 in Armour
   942 | D:2      | Reached XP level 3. HP: 19/28 MP: 3/3
  1048 | D:2      | Gained mutation: You have a small tail. [demonic ancestry]
  1048 | D:2      | Reached XP level 4. HP: 30/34 MP: 4/4
  1096 | D:2      | You fall into a shaft and drop 2 floors!
  1096 | D:4      | Identified the "Ossipt"
  1143 | D:4      | Gained mutation: You are agile. (Dex +4, Str/Int -1)
                  | [potion of mutation]
  1143 | D:4      | Gained mutation: You have a somewhat thin skeletal
                  | structure. (Dex +2, Stealth+) [potion of mutation]
  1147 | D:4      | Slain by an orc wizard

Illustrated notes

Levels and vault maps discovered:
D:1:      denvon_arrival_hothouse, layout_basic
D:2:      layout_rooms, nicolae_eternal_life, minmay_tetromino_s2, uniq_jessica
D:4:      layout_loops_ring, fiery_altar_vehumet, mainiacjoe_overflow_brackets,
          gammafunk_ghost_abyssal_escape

Skill      XL: |  1  2 |
---------------+-------+-----
Polearms       | 3 |  3.3
Armour         | 1 |  1.6
Dodging        | 3 |  3.3
Fighting       | |  2.9
Throwing       | |  1.7

Action                     |  1- 3 |  4- 6 || total
---------------------------+-------+-------++-------
  Melee: Trident           |    62 |    33 ||    95
         Tailslap          |       |     4 ||     4
    Use: Scroll            |     1 |       ||     1
         Potion            |       |     1 ||     1
   Stab: Sleeping          |     3 |       ||     3
 Armour: Leather armour    |    23 |    28 ||    51
  Dodge: Dodged            |    29 |     8 ||    37

Table legend: (Time is in decaauts)
 A = Elapsed time spent in this place.
 B = Non-inter-level travel time spent in this place.
 C = Inter-level travel time spent in this place.
 D = Time resting spent in this place.
 E = Time spent auto-exploring this place.
 F = Levels seen in this place.
 G = Mean time per level.
                   A        B        C        D        E       F      G
               +--------+--------+--------+--------+--------+-----+--------+
         Total |   1160 |   1135 |     25 |      0 |    918 |   3 |  386.7 |
       Dungeon |   1160 |   1135 |     25 |      0 |    918 |   3 |  386.7 |
               +--------+--------+--------+--------+--------+-----+--------+

Top non-repeatable levels by time:
     D:1: 934 daAuts
     D:2: 171 daAuts
     D:4: 55 daAuts
